 Dungeon Crawl Stone Soup version 0.30-a0-6-g7c9e10e132 (webtiles) character file.

Game seed: 16671927119494589346

119 Zeldest the Trooper (level 4, -2/37 HPs)
             Began as a Mummy Cinder Acolyte on Aug 22, 2022.
             Was a High Priest of Ignis.
             Slain by a scorpion (5 damage)
             ... on level 4 of the Dungeon.
             The game lasted 00:03:14 (3224 turns).

Zeldest the Trooper (Mummy Cinder Acolyte)          Turns: 3224, Time: 00:03:15

Health: -2/37      AC:  8    Str: 19    XL:     4   Next: 74%
Magic:  6/6        EV:  6    Int: 13    God:    Ignis [*****.]
Gold:   160        SH:  2    Dex:  7    Spells: 5/5 levels left

rFire   . . .      SeeInvis .    a - -1 hand axe (flame)
rCold   + . .      Faith    .    k - +0 buckler
rNeg    + + +      Spirit   .    f - +0 chain mail
rPois   ∞          Reflect  .    (no helmet)
rElec   .          Harm     .    (no cloak)
rCorr   .          Rampage  .    (no gloves)
Will    .....                    (no boots)
Stlth   ..........               (no amulet)
HPRegen 0.12/turn                (no ring)
MPRegen 0.10/turn                (no ring)

@: no status effects
A: cold resistance 1, negative energy resistance 3, torment resistance 2, heat
vulnerability 1, in touch with death 1, no potions
a: Renounce Religion, Fiery Armour, Foxfire Swarm, Rising Flame


You were on level 4 of the Dungeon.
You worshipped Ignis.
Ignis was extremely pleased with you.
You visited 1 branch of the dungeon, and saw 4 of its levels.

You collected 160 gold pieces.

Inventory:

Hand Weapons
 a - a -1 hand axe of flaming (weapon)
Armour
 f - a +0 chain mail (worn)
 k - a +0 buckler (worn)
Wands
 n - a wand of mindburst (14)
Scrolls
 b - a scroll of blinking {unknown}
 c - 2 scrolls of teleportation {unknown}
 d - 2 scrolls of magic mapping
 e - a scroll of acquirement {unknown}
 g - a scroll of vulnerability {unknown}
 h - 2 scrolls of fog {unknown}
 i - a scroll of torment {unknown}
 j - a scroll of amnesia {unknown}
 l - 2 scrolls of identify {unknown}
 m - a scroll of enchant armour {unknown}


   Skills:
 + Level 3.7 Fighting
 * Level 3.6 Axes
 + Level 1.6 Armour
 - Level 1.3 Spellcasting
 - Level 2.4 Fire Magic


You had 5 spell levels left.
You didn't know any spells.
Your spell library contained the following spells:

 Spells                   Type           Power      Damage    Failure   Level
 Scorch                   Fire           14%        2d5       95%         2
 Freeze                   Ice            0%         1d3       99%         1
 Static Discharge         Conj/Air       0%         3-3/arc   100%        2
 Conjure Flame            Conj/Fire      4%         6-21      100%        3
 Frozen Ramparts          Ice            0%         1d1       100%        3
 Ignite Poison            Fire/Tmut/Pois 2%         N/A       100%        3
 Dispel Undead            Necr           1%         3d6       100%        4
 Hailstorm                Conj/Ice       0%         3d3       100%        4
 Sticky Flame             Conj/Fire      4%         2d3       100%        4


Dungeon Overview and Level Annotations

Branches:
Dungeon (4/15)
 Temple: D:4-7

Altars:
Hepliaklqana
Makhleb

Annotations:
D:3 2 transporters, Adrian566's ghost, amateur DsFi


Innate Abilities, Weirdness & Mutations

You are immune to poison.
Your flesh is cold resistant. (rC+)
You are immune to negative energy. (rN+++)
You are immune to unholy pain and torment.
You are vulnerable to heat. (rF-)
You are in touch with the powers of death.
You do not drink.


Message History

The scorpion is heavily wounded.
The foxfire hits the scorpion but does no damage.
The scorpion is heavily wounded.
The foxfire hits the gnoll.
The gnoll is almost dead.
The foxfire hits the gnoll but does no damage.
The gnoll is moderately wounded.
The foxfire hits the scorpion.
The scorpion is severely wounded.
The foxfire hits the scorpion.
The scorpion is severely wounded.
The foxfire hits the hobgoblin.
You kill the hobgoblin!
The foxfire hits the scorpion but does no damage.
The scorpion is severely wounded.
The foxfire hits the gnoll.
The gnoll is almost dead.
The orc priest mumbles some strange prayers to Beogh against you.
Beogh smites you! The gnoll barely misses you.
The foxfire hits the scorpion.
The scorpion is almost dead.
The foxfire hits the gnoll but does no damage.
The gnoll is almost dead.
The scorpion stings you.
Okay, then.
The scorpion attacks as you move away!
The scorpion stings you but does no damage.
The gnoll attacks as you move away! The gnoll hits you with a +0 whip!
* * * LOW HITPOINT WARNING * * *
The foxfire hits the scorpion.
The scorpion is almost dead.
The scorpion stings you.
* * * LOW HITPOINT WARNING * * *
The scorpion attacks as you move away! The scorpion stings you.
* * * LOW HITPOINT WARNING * * *
The scorpion attacks as you move away! The scorpion stings you.
* * * LOW HITPOINT WARNING * * *
The gnoll attacks as you move away! The gnoll hits you with a +0 whip.
* * * LOW HITPOINT WARNING * * *
The scorpion stings you.
You die...

#.#.# #.#....###...#....
#.... .......#..........
########.###.#...<##....
#. .....#......# ##....
#.###.#.#...#..## .....
#.......#.......# .....
#...........###.# #......
##....###g...##.##.......
#####..@sgg....#........
##....!..oo.g.....†[.=..
#.....##.#.S#...........
#.....##.#..o..........
#........#..##.....##.#
#....######...........#
#..................#..#
#....#.............# ##
#....#......#.#....#


You could see a scorpion, 4 gnolls, an adder and 3 orcs.

Vanquished Creatures
  4 adders
  A worm (D:2)
  An orc (D:3)
  7 ball pythons
  4 endoplasms
  3 giant cockroaches
  10 goblins
  8 hobgoblins
  4 jackals (D:1)
  9 kobolds
  3 quokkas
  8 bats
  5 frilled lizards
  5 rats
72 creatures vanquished.

Vanquished Creatures (others)
  A butterfly (D:3)
  19 foxfires (D:4)
  2 plants (D:3)
22 creatures vanquished.

Grand Total: 94 creatures vanquished

Notes
Turn   | Place    | Note
-------+----------+-------------------------------------------
     0 | D:1      | Zeldest the Mummy Cinder Acolyte began the quest for the
                  | Orb.
     0 | D:1      | Reached XP level 1. HP: 18/18 MP: 2/2
   158 | D:1      | Reached XP level 2. HP: 22/24 MP: 4/4
   727 | D:1      | Gained mutation: You are in touch with the powers of death.
                  | [Mummy growth]
   727 | D:1      | Reached XP level 3. HP: 29/29 MP: 5/5
  1357 | D:2      | Reached skill level 1 in Armour
  1640 | D:2      | Found a faded altar of an unknown god.
  1925 | D:2      | Reached XP level 4. HP: 35/35 MP: 6/6
  2371 | D:3      | Found a hazy altar of Hepliaklqana.
  2701 | D:3      | Found a transporter.
  2701 | D:3      | Noticed Adrian566's ghost (amateur DsFi)
  2927 | D:3      | Found a transporter.
  3073 | D:3      | Found a burning altar of Makhleb.
  3208 | D:4      | Noticed a scorpion
  3224 | D:4      | Slain by a scorpion

Illustrated notes

Levels and vault maps discovered:
D:1:      psy_arrival_statuary, layout_basic, serial_forest,
          infiniplex_forest_straight_4, infiniplex_forest_lined_4_way,
          infiniplex_forest_clump_long, infiniplex_forest_clump_large,
          infiniplex_forest_lined_room_2, infiniplex_forest_clump_cross,
          infiniplex_forest_end_2, infiniplex_forest_corner_2,
          minmay_tromino_mix6
D:2:      layout_loops_ring, ebering_ecumenical_altar_hall,
          kennysheep_cross_room
D:3:      layout_basic, nicolae_elyvilon_peaceful_grove,
          nicolae_hepliaklqana_hazy_memory, lightli_temple_of_fire,
          gammafunk_ghost_arena, minmay_tree_intersection, minmay_diced_spiral
D:4:      layout_basic, kennysheep_pointless_box

Skill      XL: |  1  2  3 |
---------------+----------+-----
Axes           | 3 |  3.6
Armour         | 1 |  1.6
Fighting       | |  3.7
Spellcasting   | |  1.3
Fire Magic     | |  2.4

Action                   |  1- 3 |  4- 6 || total
-------------------------+-------+-------++-------
Melee: Hand axe          |   145 |   105 ||   250
       Punch             |     3 |     1 ||     4
Invok: Foxfire Swarm     |       |     1 ||     1
  Use: Scroll            |       |     1 ||     1
Armor: Robe              |    11 |       ||    11
       Chain mail        |    88 |    78 ||   166
Dodge: Dodged            |    83 |    32 ||   115
Block: Buckler           |       |    14 ||    14

Table legend: (Time is in decaauts)
 A = Elapsed time spent in this place.
 B = Non-inter-level travel time spent in this place.
 C = Inter-level travel time spent in this place.
 D = Time resting spent in this place.
 E = Time spent auto-exploring this place.
 F = Levels seen in this place.
 G = Mean time per level.
                   A        B        C        D        E       F      G
               +--------+--------+--------+--------+--------+-----+--------+
         Total |   3264 |   3186 |     78 |    674 |   1938 |   4 |  816.0 |
       Dungeon |   3264 |   3186 |     78 |    674 |   1938 |   4 |  816.0 |
               +--------+--------+--------+--------+--------+-----+--------+

Top non-repeatable levels by time:
     D:1: 1365 daAuts
     D:2: 939 daAuts
     D:3: 867 daAuts
     D:4: 92 daAuts
